[Event "Titled Tuesday Blitz December 13 Early 2022"]
[White "Pakleza, Zbigniew"]
[Black "Mihajlov, Sebastian"]
[WhiteFideId "1119290"]
[BlackFideId "1512110"]
[WhiteElo "2410"]
[BlackElo "2464"]
[Result "1-0"]
[Round "08"]
[TimeControl "180+1"]
[Date "2022.12.14"]
[WhiteClock "0:02:38"]
[BlackClock "0:02:26"]

1. Nf3 d5 2. c4 c6 3. cxd5 cxd5 4. d4 Nf6 5. Nc3 Nc6 6. Bf4 Bf5 7. Qb3 Na5 8. Qa4+ Bd7 9. Qc2 e6 10. e3 Nh5 11. Be5 f6 12. Bg3 Nxg3 13. hxg3 f5 14. g4 fxg4 15. Ne5 Nc6 16. Rxh7 Rxh7 17. Qg6+ Ke7 18. Qf7+ Kd6 19. Nb5# 1-0


[Site "https://www.chess.com"]

[Event "Titled Tuesday Blitz December 13 Early 2022"]
[White "Petrovic, Aleksa"]
[Black "Averjanov, Alexey"]
[WhiteFideId "967629"]
[BlackFideId "14109867"]
[WhiteElo "2230"]
[BlackElo "2632"]
[Result "0-1"]
[Round "08"]
[TimeControl "180+1"]
[Date "2022.12.14"]
[WhiteClock "0:00:01"]
[BlackClock "0:00:05"]

1. d4 d5 2. c4 dxc4 3. Nf3 Nf6 4. Nc3 a6 5. a4 Nc6 6. e4 Bg4 7. Be3 Bxf3 8. gxf3 e5 9. d5 Na5 10. Rg1 g6 11. f4 Bd6 12. fxe5 Bxe5 13. Bd4 Bxd4 14. Qxd4 O-O 15. Bxc4 Nxc4 16. Qxc4 Re8 17. O-O-O b5 18. Qd4 bxa4 19. e5 Nh5 20. d6 cxd6 21. exd6 a3 22. d7 axb2+ 23. Kxb2 Rb8+ 24. Kc2 Re6 25. Rb1 Ra8 26. Rge1 Ng7 27. Nd5 Nf5 28. Qa4 Ra7 29. Rxe6 fxe6 30. Nf6+ Kf7 31. Ne4 Rxd7 32. Ng5+ Kg8 33. Nxe6 Rd2+ 34. Kc1 Qd7 35. Rb8+ Kf7 36. Ng5+ Kf6 37. Nxh7+ Kg7 38. Qxd7+ Rxd7 39. Ng5 Kf6 40. Ne4+ Ke5 41. Nc3 Kf4 42. Ra8 Rd6 43. Kc2 Kf3 44. Kb3 Rc6 45. Nd5 Kxf2 46. Nb4 Rb6 47. Rxa6 Rxa6 48. Nxa6 Kg2 49. Nc5 g5 50. Ne6 g4 51. Kc4 Kxh2 52. Kd3 g3 53. Nf4 Kg1 54. Ke2 Nh4 55. Nh3+ Kh2 56. Nf4 Nf5 57. Kf3 Nd4+ 58. Kg4 Ne2 59. Nh3 g2 60. Kh4 Ng1 61. Nf2 Nf3+ 62. Kh5 Kg1 0-1


[Site "https://www.chess.com"]

[Event "Titled Tuesday Blitz December 13 Early 2022"]
[White "Pichot, Alan"]
[Black "Osmak, Yuliia"]
[WhiteFideId "110973"]
[BlackFideId "14101602"]
[WhiteElo "2561"]
[BlackElo "2328"]
[Result "0-1"]
[Round "08"]
[TimeControl "180+1"]
[Date "2022.12.14"]
[WhiteClock "0:01:45"]
[BlackClock "0:01:47"]

1. e4 c6 2. d4 d5 3. e5 Bf5 4. Nf3 e6 5. Be2 Ne7 6. O-O c5 7. Be3 Nd7 8. c3 Nc6 9. a3 Be7 10. Nbd2 O-O 11. b4 cxd4 12. cxd4 Rc8 13. Qb3 a6 14. Rfc1 b5 15. a4 bxa4 16. Rxa4 Nxd4 17. Rxc8 Nxe2+ 18. Kf1 Qxc8 19. Kxe2 Bc2 0-1


[Site "https://www.chess.com"]

[Event "Titled Tuesday Blitz December 13 Early 2022"]
[White "Piorun, Kacper"]
[Black "Papasimakopoulos, Alexandros"]
[WhiteFideId "1130420"]
[BlackFideId "4244125"]
[WhiteElo "2572"]
[BlackElo "2384"]
[Result "1-0"]
[Round "08"]
[TimeControl "180+1"]
[Date "2022.12.13"]
[WhiteClock "0:00:20"]
[BlackClock "0:00:11"]

1. d4 e6 2. e4 d5 3. Nc3 Bb4 4. exd5 exd5 5. Bd3 Nc6 6. Ne2 Nge7 7. a3 Bd6 8. Nb5 Bf5 9. O-O O-O 10. Nxd6 Qxd6 11. Bf4 Qd7 12. Ng3 Nxd4 13. Nxf5 Ndxf5 14. Qg4 Rad8 15. Rfe1 Nd6 16. Qg3 Ng6 17. Bg5 Rde8 18. h4 Ne4 19. Bxe4 Rxe4 20. Rxe4 dxe4 21. h5 Ne7 22. h6 f6 23. Bf4 Nf5 24. Qb3+ Qf7 25. hxg7 Nxg7 26. Qxb7 Ne6 27. Qxe4 Nxf4 28. Qxf4 Re8 29. Rd1 Qg6 30. Rd3 Kh8 31. g3 Re1+ 32. Kg2 Re7 33. b4 Kg7 34. b5 Qg5 35. Qxg5+ fxg5 36. a4 Kf6 37. Rc3 Ke5 38. Re3+ 1-0


[Site "https://www.chess.com"]

[Event "Titled Tuesday Blitz December 13 Early 2022"]
[White "Postnikov, Artem"]
[Black "Petrova, Irina"]
[WhiteFideId "34153575"]
[BlackFideId "14124122"]
[WhiteElo "2243"]
[BlackElo "2023"]
[Result "1/2-1/2"]
[Round "08"]
[TimeControl "180+1"]
[Date "2022.12.14"]
[WhiteClock "0:00:11"]
[BlackClock "0:01:17"]

1. d4 d6 2. e4 Nc6 3. Nf3 g6 4. Be3 Bg7 5. Nc3 Nf6 6. h3 O-O 7. Qd2 e5 8. dxe5 Nxe5 9. Nxe5 dxe5 10. Qxd8 Rxd8 11. Bc4 c6 12. Bb3 b5 13. a3 a5 14. O-O Ba6 15. Rfd1 b4 16. Rxd8+ Rxd8 17. axb4 axb4 18. Rxa6 bxc3 19. bxc3 Nxe4 20. Rxc6 Nd2 21. c4 e4 22. c5 Be5 23. Bxd2 Rxd2 24. g4 Bd4 25. Rc8+ Kg7 26. c6 Rxf2 27. c7 Rxc2+ 28. Kf1 Rc1+ 29. Ke2 Bb6 30. Bd5 Rxc7 31. Rxc7 Bxc7 32. Bxe4 h6 33. Kf3 Kf6 34. Bd3 Kg5 35. Kg2 Kf4 36. Bc4 f5 37. gxf5 gxf5 38. Be2 Ke3 39. Bh5 f4 40. Bf3 Bd8 41. Bh5 Bh4 42. Bf3 Bg3 43. Bh5 Bh4 44. Bf3 Bg3 45. Bh5 Bh4 1/2-1/2


[Site "https://www.chess.com"]

[Event "Titled Tuesday Blitz December 13 Early 2022"]
[White "Prieto Aranguren, Alain"]
[Black "Torres Dominguez, David"]
[WhiteFideId "2268906"]
[BlackFideId "2220857"]
[WhiteElo "2209"]
[BlackElo "2037"]
[Result "1-0"]
[Round "08"]
[TimeControl "180+1"]
[Date "2022.12.14"]
[WhiteClock "0:01:08"]
[BlackClock "0:00:01"]

1. e4 Nc6 2. Bb5 e5 3. Nh3 Nf6 4. O-O Bc5 5. Ng5 O-O 6. c3 a6 7. Bxc6 dxc6 8. d3 h6 9. Nf3 Qd6 10. d4 exd4 11. e5 Qd8 12. exf6 Qxf6 13. cxd4 Rd8 14. Be3 Bg4 15. Nc3 Bxf3 16. Qxf3 Qxf3 17. gxf3 Bxd4 18. Bxd4 Rxd4 19. Rad1 Rad8 20. Rxd4 Rxd4 21. Rd1 Rf4 22. Kg2 b5 23. Rd7 b4 24. Ne4 f5 25. Kg3 g5 26. Nf6+ Kf8 27. Rxc7 Rc4 28. Nd7+ Kg8 29. Ne5 Rc2 30. Rxc6 f4+ 31. Kg4 Rxb2 32. Kf5 Rd2 33. Kg6 Kf8 34. Kf6 1-0


[Site "https://www.chess.com"]

[Event "Titled Tuesday Blitz December 13 Early 2022"]
[White "Qashashvili, Alexandre"]
[Black "De Souza, Cristiano Gomes"]
[WhiteFideId "13600842"]
[BlackFideId "2151758"]
[WhiteElo "2405"]
[BlackElo "2068"]
[Result "1-0"]
[Round "08"]
[TimeControl "180+1"]
[Date "2022.12.14"]
[WhiteClock "0:02:07"]
[BlackClock "0:00:58"]

1. e4 c5 2. Nc3 d6 3. Nf3 Nf6 4. Bb5+ Bd7 5. Bxd7+ Qxd7 6. d3 Nc6 7. Bg5 g6 8. Qd2 Bg7 9. Bh6 O-O 10. h4 Nd4 11. O-O-O Ng4 12. Bxg7 Kxg7 13. h5 Rh8 14. h6+ Kf8 15. Nd5 e6 16. c3 Nc6 17. Ne3 Nxe3 18. Qxe3 Qe7 19. Kb1 Ke8 20. d4 cxd4 21. Nxd4 Nxd4 22. Qxd4 f6 23. Qxd6 Qxd6 24. Rxd6 Ke7 25. Rhd1 Rhd8 26. Rxd8 Rxd8 27. Rxd8 Kxd8 28. Kc2 g5 29. Kd3 Ke7 30. c4 b6 31. b4 Kd6 32. f3 a5 33. c5+ bxc5 34. bxa5 Kc6 35. Kc4 f5 36. exf5 exf5 37. g4 f4 38. a6 Kb6 39. a7 Kxa7 40. Kxc5 Ka6 41. Kd5 Kb5 42. Ke5 Kc4 43. a4 Kd3 44. a5 Ke3 45. a6 Kxf3 46. a7 Kxg4 47. a8=Q Kh5 48. Qh1+ Kg6 49. Qh3 f3 50. Qxf3 Kxh6 51. Kf5 Kg7 52. Kxg5 h6+ 53. Kh5 Kh7 54. Qf7+ Kh8 55. Kg6 1-0


[Site "https://www.chess.com"]

[Event "Titled Tuesday Blitz December 13 Early 2022"]
[White "Raahul V S"]
[Black "Szpar, Milosz"]
[WhiteFideId "25035525"]
[BlackFideId "1184989"]
[WhiteElo "2202"]
[BlackElo "2455"]
[Result "1-0"]
[Round "08"]
[TimeControl "180+1"]
[Date "2022.12.14"]
[WhiteClock "0:02:01"]
[BlackClock "0:01:47"]

1. c4 e5 2. Nc3 Nc6 3. Nf3 f5 4. d4 e4 5. Ng5 Be7 6. Nh3 Nf6 7. Bg5 O-O 8. e3 Ng4 9. Bxe7 Nxe7 10. Be2 Nf6 11. d5 d6 12. O-O h6 13. Nf4 g5 14. Ne6 Bxe6 15. dxe6 Ng6 16. Nd5 c6 17. Bh5 cxd5 18. Bxg6 dxc4 19. Bxf5 d5 20. f3 Qb6 21. Kh1 Qxe3 22. fxe4 dxe4 23. e7 Rfe8 24. Qd6 Qb6 25. Be6+ Kg7 26. Qe5 1-0


[Site "https://www.chess.com"]

[Event "Titled Tuesday Blitz December 13 Early 2022"]
[White "Redzisz, Michal"]
[Black "Lacasa Diaz, Jose Antonio"]
[WhiteFideId "21816107"]
[BlackFideId "2203375"]
[WhiteElo "2136"]
[BlackElo "2338"]
[Result "1-0"]
[Round "08"]
[TimeControl "180+1"]
[Date "2022.12.14"]
[WhiteClock "0:00:19"]
[BlackClock "0:00:26"]

1. e4 c5 2. Nf3 g6 3. d4 cxd4 4. Nxd4 Nc6 5. c4 Nf6 6. Nc3 Nxd4 7. Qxd4 d6 8. Be3 Bg7 9. f3 O-O 10. Qd2 a5 11. Be2 a4 12. O-O Qa5 13. Rac1 Be6 14. Nb5 Qxd2 15. Bxd2 Rfc8 16. Na3 Nd7 17. Kf2 Bxb2 18. Nb5 Bxc1 19. Rxc1 Ne5 20. Na3 Rc7 21. f4 Nd7 22. g4 Nc5 23. Ke3 Bd7 24. f5 Bc6 25. Bf3 Nd7 26. Bc3 Ne5 27. Bd4 Bd7 28. Be2 Rac8 29. Bb6 Rc6 30. Bd4 b5 31. Bxe5 dxe5 32. Nxb5 Rb6 33. Nc3 Rb2 34. Nd5 Kf8 35. c5 Bc6 36. Nb6 Rd8 37. Nc4 Rxa2 38. Nxe5 Bxe4 39. Bc4 Bd5 40. Bxa2 Bxa2 41. c6 Bb3 42. c7 Rc8 43. Nd7+ Ke8 44. Nb6 Rxc7 45. Rxc7 1-0


[Site "https://www.chess.com"]

[Event "Titled Tuesday Blitz December 13 Early 2022"]
[White "Remizov, Yaroslav"]
[Black "Agasarov, Benik"]
[WhiteFideId "34134015"]
[BlackFideId "13314823"]
[WhiteElo "2415"]
[BlackElo "2179"]
[Result "0-1"]
[Round "08"]
[TimeControl "180+1"]
[Date "2022.12.13"]
[WhiteClock "0:00:01"]
[BlackClock "0:01:19"]

1. e4 e5 2. Nf3 Nc6 3. Nc3 Nf6 4. Be2 d5 5. exd5 Nxd5 6. O-O Nxc3 7. bxc3 Bd6 8. d4 O-O 9. Rb1 exd4 10. cxd4 b6 11. c3 Bb7 12. Bd3 Ne7 13. Ng5 g6 14. Ne4 Nd5 15. Bh6 Bxh2+ 16. Kxh2 Qh4+ 17. Kg1 Qxh6 18. g3 f5 19. Qb3 fxe4 20. Bxe4 Rad8 21. c4 Nf6 22. Bxb7 Ng4 23. c5+ Rf7 24. Qxf7+ Kxf7 0-1


[Site "https://www.chess.com"]

[Event "Titled Tuesday Blitz December 13 Early 2022"]
[White "Rosenberg, Evan S"]
[Black "Sadubayev, Airat"]
[WhiteFideId "2019299"]
[BlackFideId "13713264"]
[WhiteElo "2419"]
[BlackElo "2160"]
[Result "0-1"]
[Round "08"]
[TimeControl "180+1"]
[Date "2022.12.14"]
[WhiteClock "0:00:03"]
[BlackClock "0:00:28"]

1. d4 d5 2. Nf3 Nf6 3. c3 c6 4. Qc2 g6 5. Bf4 Bf5 6. Qb3 Qb6 7. Nbd2 Bg7 8. h3 O-O 9. e3 Nbd7 10. g4 Be4 11. g5 Nh5 12. Nxe4 dxe4 13. Nd2 Nxf4 14. exf4 Qc7 15. f5 gxf5 16. O-O-O a5 17. a4 e6 18. Bc4 Rfb8 19. h4 Nb6 20. h5 Nd5 21. g6 fxg6 22. hxg6 h6 23. Nf1 Qf4+ 24. Rd2 Kh8 25. Bxd5 exd5 26. Ne3 b5 27. axb5 Rxb5 28. Qa3 Qg5 29. Qd6 f4 30. Nd1 Rb6 31. Qc5 Rab8 32. Qxa5 Qxg6 33. b4 Qe8 34. Qc5 Bf8 35. Qa5 Qc8 36. Qa1 Ra6 37. Qb2 Rba8 38. Rc2 e3 39. fxe3 fxe3 40. Nxe3 Ra1+ 41. Kd2 Rxh1 42. Rc1 Rh2+ 0-1


[Site "https://www.chess.com"]

[Event "Titled Tuesday Blitz December 13 Early 2022"]
[White "Royal, Shreyas"]
[Black "Forgacs, Attila Jr."]
[WhiteFideId "448869"]
[BlackFideId "773654"]
[WhiteElo "2331"]
[BlackElo "2168"]
[Result "1-0"]
[Round "08"]
[TimeControl "180+1"]
[Date "2022.12.14"]
[WhiteClock "0:00:43"]
[BlackClock "0:00:01"]

1. e4 e5 2. Nf3 Nc6 3. Bb5 a6 4. Ba4 Nf6 5. O-O Be7 6. Re1 b5 7. Bb3 O-O 8. a4 b4 9. d4 d6 10. c3 Bg4 11. d5 Na5 12. cxb4 Nxb3 13. Qxb3 Rb8 14. Bd2 Nh5 15. h3 Bd7 16. Na3 f5 17. exf5 Bxf5 18. g4 Qd7 19. Nh2 Bh4 20. Re2 Bg6 21. gxh5 Bxh5 22. Re4 Bxf2+ 23. Kh1 Bf3+ 24. Qxf3 Rxf3 25. Nxf3 Qxh3+ 26. Nh2 Bg3 27. Re2 Rf8 28. Nc4 Bxh2 29. Rxh2 Qf3+ 30. Rg2 Qd3 31. Ne3 Rf3 32. Re1 Rh3+ 33. Kg1 Rh4 34. b5 axb5 35. a5 b4 36. Rf1 b3 37. Rgf2 h6 38. Rg2 h5 39. Ra1 Re4 40. a6 Rxe3 41. a7 Re2 42. a8=Q+ Kh7 43. Qf8 Rxg2+ 44. Kxg2 Qxd2+ 45. Qf2 Qxd5+ 46. Kh2 1-0


[Site "https://www.chess.com"]

[Event "Titled Tuesday Blitz December 13 Early 2022"]
[White "Rustemov, Alexander"]
[Black "Fernandez De La Vara, Arnaldo"]
[WhiteFideId "4119002"]
[BlackFideId "3518388"]
[WhiteElo "2794"]
[BlackElo "2387"]
[Result "0-1"]
[Round "08"]
[TimeControl "180+1"]
[Date "2022.12.14"]
[WhiteClock "0:00:49"]
[BlackClock "0:00:32"]

1. d4 c5 2. d5 Nf6 3. c4 b5 4. cxb5 a6 5. e3 g6 6. Nc3 Bg7 7. a4 O-O 8. Nf3 e6 9. dxe6 fxe6 10. Be2 d5 11. O-O axb5 12. Bxb5 Ba6 13. Bd2 Qb6 14. Qe2 Nc6 15. Bxa6 Rxa6 16. Qb5 Rb8 17. Qxb6 Rbxb6 18. Rfb1 Na5 19. Nb5 Ne4 20. Bc3 Nb3 21. Ra3 Nxc3 22. bxc3 Rxb5 23. Raxb3 Rxb3 24. Rxb3 Rxa4 25. Rb8+ Kf7 26. Ng5+ Kf6 27. Nxh7+ Kf5 28. h3 Ra1+ 29. Kh2 Be5+ 30. f4 Bxb8 31. Ng5 Kf6 0-1


[Site "https://www.chess.com"]

[Event "Titled Tuesday Blitz December 13 Early 2022"]
[White "Salinas Herrera, Pablo"]
[Black "Mogirzan, Matei-Valeriu"]
[WhiteFideId "3407128"]
[BlackFideId "1257455"]
[WhiteElo "2806"]
[BlackElo "2334"]
[Result "1-0"]
[Round "08"]
[TimeControl "180+1"]
[Date "2022.12.14"]
[WhiteClock "0:00:05"]
[BlackClock "0:00:01"]

1. d4 Nf6 2. Nf3 e6 3. Bf4 b6 4. e3 Bb7 5. Nbd2 Be7 6. h3 d5 7. Bd3 c5 8. c3 Nc6 9. Ne5 Nxe5 10. dxe5 Nd7 11. Qg4 g5 12. Bh2 h5 13. Qe2 Qc7 14. f4 O-O-O 15. Ba6 c4 16. Bxb7+ Kxb7 17. Nf3 g4 18. Nd4 Nc5 19. O-O-O Ne4 20. Rhf1 g3 21. Bg1 Bc5 22. f5 Bxd4 23. exd4 Qe7 24. Be3 b5 25. Rf4 b4 26. Rdf1 bxc3 27. fxe6 Ka8 28. Rxe4 cxb2+ 29. Kb1 dxe4 30. exf7 Rb8 31. Qxc4 Qb7 32. Qb3 Qa6 33. Qd5+ Qb7 34. Qxb7+ Kxb7 35. e6 Kc6 36. e7 Kd5 37. f8=Q Kc4 38. Qf7+ Kd3 39. Bg1 Rhc8 40. Rd1+ Ke2 41. Qf1# 1-0


[Site "https://www.chess.com"]

[Event "Titled Tuesday Blitz December 13 Early 2022"]
[White "Santos Flores, Alberto"]
[Black "Topalov, Aleksandar"]
[WhiteFideId "3601234"]
[BlackFideId "925659"]
[WhiteElo "2235"]
[BlackElo "2151"]
[Result "1-0"]
[Round "08"]
[TimeControl "180+1"]
[Date "2022.12.14"]
[WhiteClock "0:00:20"]
[BlackClock "0:00:15"]

1. d4 Nf6 2. c4 c5 3. Nf3 g6 4. Nc3 Bg7 5. e4 O-O 6. Be2 cxd4 7. Nxd4 Nc6 8. Be3 d6 9. f3 Nxd4 10. Bxd4 Bd7 11. b4 a6 12. O-O Rc8 13. Rc1 Qc7 14. Qd2 Qb8 15. Rfd1 Rfd8 16. Bxf6 Bxf6 17. Nd5 Be6 18. Nxf6+ exf6 19. Qe3 b6 20. Rd4 a5 21. a3 axb4 22. axb4 f5 23. exf5 Bxf5 24. Qh6 Qc7 25. Rcd1 f6 26. Bf1 Qe7 27. Qf4 d5 28. Rxd5 Rxd5 29. cxd5 Rd8 30. d6 Qd7 31. Bc4+ Kg7 32. Qd4 Qc6 33. g4 Bd7 34. g5 Qxf3 35. Rf1 Qg4+ 36. Qxg4 Bxg4 37. Rxf6 h6 38. h4 hxg5 39. hxg5 Bf5 40. Kf2 Rc8 41. Bd5 Rc2+ 42. Ke3 Rc3+ 43. Kd4 Rd3+ 44. Kc4 Rg3 45. Rf7+ Kg8 46. Rxf5+ 1-0


[Site "https://www.chess.com"]

[Event "Titled Tuesday Blitz December 13 Early 2022"]
[White "Saravana, Krishnan P."]
[Black "Zhigalko, Sergei"]
[WhiteFideId "5018382"]
[BlackFideId "13502956"]
[WhiteElo "2190"]
[BlackElo "2662"]
[Result "1-0"]
[Round "08"]
[TimeControl "180+1"]
[Date "2022.12.13"]
[WhiteClock "0:00:18"]
[BlackClock "0:00:01"]

1. e4 c5 2. Nf3 Nc6 3. Bb5 Nf6 4. Qe2 g6 5. O-O Bg7 6. e5 Nd5 7. Nc3 Nc7 8. a4 O-O 9. Bxc6 dxc6 10. d3 Bg4 11. Re1 Ne6 12. Qe4 Bxf3 13. Qxf3 Nd4 14. Qd1 Qd7 15. Bf4 Qf5 16. Re4 Rad8 17. b3 f6 18. exf6 Bxf6 19. Qd2 e5 20. Be3 Rd7 21. Re1 Rdf7 22. Ne2 b5 23. Bxd4 cxd4 24. Ng3 Qd7 25. R4e2 Qc7 26. Ne4 Be7 27. Ra1 a5 28. axb5 Bb4 29. b6 Qxb6 30. Qg5 Qc7 31. f3 Kg7 32. Qg3 Rf5 33. Nf2 Rd8 34. Ne4 Rd5 35. Ng5 Qe7 36. Ne4 Qe8 37. Ra4 Qe7 38. Qg4 Qf7 39. Ng5 Qf6 40. Ne4 Qf8 41. Qh4 Be7 42. Qg3 Bb4 43. Qh4 h6 44. Qg4 Qf7 45. Ng3 Rf4 46. Nh5+ Kh7 47. Nxf4 exf4 48. Ra1 h5 49. Qh4 Kg7 50. Qf2 1-0


[Site "https://www.chess.com"]

[Event "Titled Tuesday Blitz December 13 Early 2022"]
[White "Sargissyan, Sargis"]
[Black "Tymrakiewicz, Rafal"]
[WhiteFideId "13303210"]
[BlackFideId "1108832"]
[WhiteElo "2109"]
[BlackElo "2139"]
[Result "0-1"]
[Round "08"]
[TimeControl "180+1"]
[Date "2022.12.14"]
[WhiteClock "0:00:14"]
[BlackClock "0:00:22"]

1. e4 Nf6 2. e5 Nd5 3. c4 Nb6 4. c5 Nd5 5. Nc3 c6 6. Nxd5 cxd5 7. d4 b6 8. cxb6 Qxb6 9. Nf3 Nc6 10. Be3 e6 11. Bd3 Qxb2 12. O-O Qa3 13. Rb1 Ba6 14. Rb3 Qxa2 15. Bb1 Qa5 16. Re1 Bb4 17. Rxb4 Qxb4 18. Bd2 Qc4 19. Be3 h6 20. Nd2 Qb4 21. Qg4 g5 22. Qh5 O-O-O 23. Nf3 Rdf8 24. Rc1 Kb7 25. h4 Ka8 26. hxg5 hxg5 27. Qxg5 Rfg8 28. Qf6 Bc4 29. g3 Qe7 30. Qxe7 Nxe7 31. Bg5 Be2 0-1


[Site "https://www.chess.com"]

[Event "Titled Tuesday Blitz December 13 Early 2022"]
[White "Seifert, Henryk"]
[Black "Kuchava, Ana"]
[WhiteFideId "1100963"]
[BlackFideId "13605348"]
[WhiteElo "2120"]
[BlackElo "2001"]
[Result "1-0"]
[Round "08"]
[TimeControl "180+1"]
[Date "2022.12.14"]
[WhiteClock "0:00:04"]
[BlackClock "0:00:02"]

1. e4 c5 2. Nf3 d6 3. c3 Nf6 4. Be2 Nc6 5. d4 cxd4 6. cxd4 d5 7. e5 Ne4 8. O-O Bf5 9. Nbd2 e6 10. Nb3 Be7 11. Be3 O-O 12. Nfd2 Nxd2 13. Qxd2 Rc8 14. Rac1 Qb6 15. Nc5 Qc7 16. b4 b6 17. Na6 Qb7 18. a3 f6 19. f4 fxe5 20. fxe5 Nb8 21. Nxb8 Qxb8 22. Ba6 Rxc1 23. Rxc1 Be4 24. Bg5 Bxg5 25. Qxg5 Re8 26. Bb5 Rc8 27. Bd7 Rxc1+ 28. Qxc1 h6 29. Bxe6+ Kh7 30. Qc8 Qxc8 31. Bxc8 Kg6 32. h4 Kh5 33. g3 Kg6 34. Kf2 Kf7 35. Ke3 Ke7 36. Kf4 Kf7 37. g4 Bg2 38. e6+ Ke7 39. Ke5 Bf3 40. g5 hxg5 41. hxg5 Bg2 42. Bb7 Bh3 43. Bxd5 Bg4 44. Bc4 Bf3 45. d5 Bg2 46. d6+ Kd8 47. Bb5 1-0


[Site "https://www.chess.com"]

[Event "Titled Tuesday Blitz December 13 Early 2022"]
[White "Seo, Jung Min"]
[Black "Lawson, Eric"]
[WhiteFideId "1734687"]
[BlackFideId "2604116"]
[WhiteElo "2457"]
[BlackElo "2528"]
[Result "1-0"]
[Round "08"]
[TimeControl "180+1"]
[Date "2022.12.14"]
[WhiteClock "0:01:12"]
[BlackClock "0:00:05"]

1. e4 c5 2. Nf3 Nc6 3. Bb5 g6 4. Bxc6 dxc6 5. O-O Bg7 6. d3 Bg4 7. h3 Bxf3 8. Qxf3 e5 9. a4 a5 10. Nd2 Nf6 11. Nc4 Qc7 12. Bd2 O-O 13. Qe2 Nd7 14. f4 exf4 15. Bxf4 Ne5 16. b3 Qe7 17. Rab1 b5 18. Nxe5 Bxe5 19. Bxe5 Qxe5 20. Ra1 f5 21. Rfe1 f4 22. Qf3 h5 23. Kh1 Kh7 24. Rad1 Kh6 25. h4 bxa4 26. bxa4 Rab8 27. c3 Rb3 28. d4 cxd4 29. Rxd4 c5 30. Rd5 Qxc3 31. Qf2 Qg3 32. Rf1 Qg4 33. Rg5 Qe6 34. Qxc5 Rfb8 35. Re5 Qg4 36. Qe7 Rb1 37. Qg5+ Kh7 38. Rxb1 Rxb1+ 39. Kh2 f3 40. Re7+ Kg8 41. Qd5+ Kh8 42. Qd8# 1-0


[Site "https://www.chess.com"]

[Event "Titled Tuesday Blitz December 13 Early 2022"]
[White "Shuvalova, Polina"]
[Black "Jumanov, Elbek"]
[WhiteFideId "24171760"]
[BlackFideId "14202905"]
[WhiteElo "2361"]
[BlackElo "2055"]
[Result "0-1"]
[Round "08"]
[TimeControl "180+1"]
[Date "2022.12.14"]
[WhiteClock "0:00:08"]
[BlackClock "0:00:45"]

1. d4 Nf6 2. Nf3 g6 3. c4 c5 4. d5 b5 5. cxb5 a6 6. e3 axb5 7. Bxb5 Bg7 8. Nc3 O-O 9. O-O d6 10. a4 Ba6 11. Bd2 Bxb5 12. axb5 Nbd7 13. e4 Qb6 14. Qe2 Rfb8 15. h3 Ne8 16. Rxa8 Rxa8 17. Qc4 Nc7 18. Bg5 Kf8 19. Re1 Rb8 20. h4 Nxb5 21. Na4 Qa5 22. Bd2 Qa7 23. b3 Nd4 24. Nxd4 Bxd4 25. Be3 Rb4 26. Qc2 Bf6 27. h5 Qb7 28. hxg6 hxg6 29. Nc3 Rxb3 30. Ne2 Qb4 31. Bd2 Rb2 32. Bxb4 Rxc2 33. Ba3 Ne5 34. Kf1 Nd3 35. Rd1 c4 36. Nc1 Rxf2+ 37. Kg1 Bd4 38. Nxd3 Rd2+ 39. Nf2 Rxd1+ 40. Kh2 Bxf2 0-1


[Site "https://www.chess.com"]

[Event "Titled Tuesday Blitz December 13 Early 2022"]
[White "Simonovic, Miroslav"]
[Black "Arbunic Castro, Giovanna"]
[WhiteFideId "919152"]
[BlackFideId "3400549"]
[WhiteElo "2057"]
[BlackElo "1928"]
[Result "1-0"]
[Round "08"]
[TimeControl "180+1"]
[Date "2022.12.14"]
[WhiteClock "0:00:25"]
[BlackClock "0:00:26"]

1. d4 Nf6 2. Bg5 g6 3. Bxf6 exf6 4. c4 Bg7 5. Nc3 f5 6. g3 O-O 7. e3 c5 8. Nge2 cxd4 9. exd4 Nc6 10. Bg2 b6 11. O-O Ba6 12. b3 Rb8 13. Qd2 Re8 14. a4 Nb4 15. Nd5 Nxd5 16. Bxd5 Bb7 17. Nc3 Qf6 18. Rad1 Re7 19. Bxb7 Rxb7 20. Nd5 Qd6 21. Nxe7+ Qxe7 22. Rfe1 Qd8 23. d5 d6 24. Re2 Be5 25. f4 Bf6 26. Rde1 Re7 27. Rxe7 Bxe7 28. Qe3 Kf8 29. Qxe7+ Qxe7 30. Rxe7 Kxe7 31. b4 a5 32. bxa5 bxa5 33. Kf2 Kd7 34. Ke3 Kc7 35. Kd4 Kb6 36. h3 f6 37. Kd3 Kc5 38. Kc3 g5 39. Kd3 h5 40. h4 gxh4 41. gxh4 Kb4 42. Kd4 Kxa4 43. c5 dxc5+ 44. Kxc5 Kb3 45. d6 a4 46. d7 a3 47. d8=Q a2 48. Qxf6 Kc2 49. Qa1 1-0


[Site "https://www.chess.com"]

[Event "Titled Tuesday Blitz December 13 Early 2022"]
[White "Sjugirov, Sanan"]
[Black "Xiong, Jeffery"]
[WhiteFideId "4189302"]
[BlackFideId "2047640"]
[WhiteElo "2613"]
[BlackElo "2726"]
[Result "0-1"]
[Round "08"]
[TimeControl "180+1"]
[Date "2022.12.13"]
[WhiteClock "0:00:04"]
[BlackClock "0:01:10"]

1. e4 e5 2. Nf3 Nf6 3. Nxe5 d6 4. Nf3 Nxe4 5. Nc3 Nxc3 6. dxc3 Be7 7. Be3 O-O 8. Qd2 Nd7 9. O-O-O c6 10. h4 Nf6 11. Bd3 Bg4 12. Rde1 Bxf3 13. gxf3 Nh5 14. Reg1 Re8 15. Bg5 d5 16. Bxe7 Qxe7 17. Rg5 g6 18. Rhg1 Kh8 19. Kb1 Qf6 20. Bxg6 fxg6 21. Rxg6 hxg6 22. Qh6+ Kg8 23. Rxg6+ Ng7 24. Rxf6 Re1+ 25. Qc1 Rxc1+ 26. Kxc1 Rf8 27. Rd6 Rxf3 28. Rd8+ Rf8 29. Rd7 Rf7 30. Rd8+ Kh7 31. b3 Nf5 32. h5 Ng7 33. Ra8 a6 34. Kb2 Rxf2 35. Rb8 Rf7 36. Ka3 Nxh5 37. Kb4 Nf6 38. Ka5 Kg6 39. Ra8 Ne4 40. c4 dxc4 41. bxc4 Nd6 42. c5 Nc4+ 43. Kb4 Rf4 44. Rb8 Re4 45. Kc3 Na5 0-1


[Site "https://www.chess.com"]

[Event "Titled Tuesday Blitz December 13 Early 2022"]
[White "Sonnenschein, Philipp"]
[Black "Roque Sola, Jose Luis"]
[WhiteFideId "16250877"]
[BlackFideId "5120390"]
[WhiteElo "2224"]
[BlackElo "2117"]
[Result "1-0"]
[Round "08"]
[TimeControl "180+1"]
[Date "2022.12.14"]
[WhiteClock "0:01:22"]
[BlackClock "0:00:30"]

1. e4 e6 2. d4 d5 3. Nc3 Nf6 4. e5 Nfd7 5. f4 c5 6. Nf3 Nc6 7. Be3 a6 8. Qd2 b5 9. dxc5 Bxc5 10. Bxc5 Nxc5 11. a3 Bb7 12. Nd4 Nxd4 13. Qxd4 Ne4 14. O-O-O Nxc3 15. Qxc3 Rc8 16. Qg3 Qc7 17. Bd3 g6 18. h4 Qc5 19. h5 b4 20. axb4 Qxb4 21. hxg6 fxg6 22. Bxg6+ Kd7 23. Rxh7+ Rxh7 24. Bxh7 Qa5 25. Qa3 Qxa3 26. bxa3 Bc6 27. Bd3 Rg8 28. Rg1 Rg4 29. g3 a5 30. Kd2 Kc7 31. Be2 Rg8 32. g4 d4 33. Bc4 1-0


[Site "https://www.chess.com"]